AoeStats
← zahariev.pavel

MegaRandom

509707801Analyzed
4v4 RM · 5d ago on Sep 27, 2026· 57m 14s· 8 players
Game mode
Random Map
Map size
Large (8 player)
Population
200
Speed
Normal
Resources
Standard
Victory
Conquest
Starting age
Dark Age
Ending age
Imperial Age
RankedLock teamsTeams togetherTeam positionsShared explorationLock speedFull tech treeHidden civsTurbo modeCheats
Victory
Defeat
🇧🇬 Huns · Bulgaria
785
+14
🇧🇬 Persians · Bulgaria
781
+14
🇧🇬 Byzantines · Bulgaria
762
+14
🇬🇧 Burgundians · United Kingdom
715
+16
🇹🇷 Aztecs · Türkiye
783
-24
🇹🇷 Inca · Türkiye
732
-15
🇩🇪 Ethiopians · Germany
719
-14
🇹🇷 Gurjaras · Türkiye
680
-13
BiTTensor
11:33 Feudal Age
11:07 Loom
12:53 Wheelbarrow
12:27 Double-Bit Axe
17:46 Stone Mining
21:31 Castle Age
19:27 Horse Collar
22:28 Bow Saw
22:22 Heavy Plow
26:23 Gold Mining
35:34 Imperial Age
34:48 Hand Cart
36:57 Gold Shaft Mining
37:03 Conscription
37:53 Elite Shotel Warrior
40:58 Halberdier
42:12 Man-at-Arms
43:15 Long Swordsman
44:53 Scale Mail Armor
45:03 Forging
Rhii
8:35 Loom
11:13 Feudal Age
12:26 Double-Bit Axe
13:14 Gold Mining
17:36 Fletching
20:20 Horse Collar
25:52 Castle Age
25:58 Elite Skirmisher
25:59 Crossbowman
27:08 Bow Saw
28:08 Bodkin Arrow
28:15 Padded Archer Armor
31:11 Heavy Plow
31:02 Stone Mining
32:07 Squires
32:51 Gold Shaft Mining
32:36 Forging
32:57 Leather Archer Armor
32:49 Elite Skirmisher
34:45 Thumb Ring
34:41 Pikeman
36:15 Wheelbarrow
40:37 Imperial Age
39:49 Stone Shaft Mining
40:44 Iron Casting
40:10 Scale Mail Armor
42:08 Bracer
42:09 Arbalester
44:44 Ballistics
45:24 Chemistry
45:39 Ring Archer Armor
45:23 Treadmill Crane
48:17 Capped Ram
53:36 Crop Rotation
53:10 Siege Ram
HakkıManastırlı
14:11 Feudal Age
19:14 Wheelbarrow
19:23 Double-Bit Axe
19:35 Gold Mining
26:11 Castle Age
25:26 Loom
27:21 Hand Cart
30:18 Bow Saw
32:24 Gold Shaft Mining
31:39 Stone Mining
38:34 Imperial Age
36:00 Elite Skirmisher
36:02 Crossbowman
37:14 Ballistics
37:22 Guard Tower
37:46 Murder Holes
39:16 Arbalester
42:04 Forging
41:54 Scale Mail Armor
41:45 Fletching
48:25 Elite Jaguar Warrior
50:39 Iron Casting
50:20 Chain Mail Armor
50:06 Padded Archer Armor
rosaceous
12:04 Feudal Age
15:55 Double-Bit Axe
22:10 Castle Age
20:59 Horse Collar
29:29 Wheelbarrow
31:12 Bow Saw
33:30 Heavy Plow
33:48 Hand Cart
33:55 Husbandry
38:39 Imperial Age
36:15 Stone Mining
36:18 Gold Mining
36:45 Forging
38:00 Gold Shaft Mining
38:02 Stone Shaft Mining
37:20 Loom
39:36 Heavy Camel Rider
40:58 Iron Casting
41:03 Conscription
42:40 Scale Barding Armor
42:36 Scale Mail Armor
43:25 Hoardings
45:25 Chain Barding Armor
45:22 Chain Mail Armor
45:09 Padded Archer Armor
44:59 Fletching
mat13bg
7:14 Loom
11:07 Feudal Age
13:19 Double-Bit Axe
16:05 Man-at-Arms
32:41 Castle Age
32:21 Gold Mining
32:20 Horse Collar
35:34 Wheelbarrow
36:06 Bow Saw
36:01 Heavy Plow
36:45 Gold Shaft Mining
36:03 Stone Mining
36:22 Gambesons
35:59 Long Swordsman
41:29 Imperial Age
39:51 Hand Cart
39:31 Elite Skirmisher
41:46 Stone Shaft Mining
41:59 Onager
49:10 Elite Cataphract
50:04 Logistica
53:06 Scale Barding Armor
53:02 Padded Archer Armor
52:53 Fletching
53:17 Guilds
53:08 Caravan
54:45 Two-Man Saw
56:38 Coinage
56:41 Chain Barding Armor
56:38 Leather Archer Armor
56:18 Bodkin Arrow
zahariev.pavel
3:14 Loom
6:43 Wheelbarrow
11:17 Feudal Age
10:12 Double-Bit Axe
11:44 Gold Mining
12:21 Bow Saw
24:17 Castle Age
27:25 Two-Man Saw
35:26 Imperial Age
33:41 Horse Collar
34:57 Fletching
35:19 Forging
35:15 Scale Barding Armor
35:17 Heavy Plow
35:35 Hand Cart
37:39 Scale Mail Armor
40:17 Husbandry
40:39 Chain Barding Armor
40:35 Chain Mail Armor
45:02 Cavalier
46:22 Plate Barding Armor
46:18 Plate Mail Armor
46:23 Iron Casting
45:44 Bodkin Arrow
46:02 Masonry
46:12 Ballistics
47:38 Elite Skirmisher
52:05 Hoardings
50:57 Light Cavalry
51:54 Bracer
51:55 Padded Archer Armor
52:56 Blast Furnace
51:45 Town Watch
52:36 Crop Rotation
53:17 Chemistry
55:58 Paladin
57:47 Leather Archer Armor
58:07 Architecture
57:41 Town Patrol
GRaFa
13:09 Feudal Age
13:03 Loom
14:36 Double-Bit Axe
20:38 Castle Age
20:55 Wheelbarrow
20:20 Gold Mining
22:36 Fishing Lines
24:15 Scale Barding Armor
25:02 Bloodlines
28:17 Hand Cart
30:42 Bow Saw
32:38 Husbandry
32:32 Fletching
32:44 Padded Archer Armor
33:28 Elite Skirmisher
34:21 Stone Mining
34:44 Thumb Ring
35:21 Gillnets
36:56 Marauders
39:08 Bodkin Arrow
39:28 Forging
40:11 Horse Collar
43:16 Chain Barding Armor
43:12 Leather Archer Armor
44:21 Squires
45:48 Gold Shaft Mining
48:32 Imperial Age
47:24 Pikeman
49:45 Bracer
50:10 Halberdier
52:47 Scale Mail Armor
55:05 Heavy Plow
55:19 Caravan
56:21 Two-Man Saw
gruckiq
7:00 Loom
10:47 Feudal Age
12:50 Double-Bit Axe
21:33 Castle Age
21:39 Bloodlines
22:56 Scale Barding Armor
23:29 Husbandry
24:24 Wheelbarrow
26:23 Hand Cart
27:34 Town Watch
28:14 Horse Collar
28:45 Bow Saw
28:27 Gold Mining
33:41 Imperial Age
31:18 Scale Mail Armor
33:51 Chain Barding Armor
35:22 Conscription
35:19 Cavalier
39:05 Plate Barding Armor
38:41 Forging
40:33 Heavy Plow
56:54 Savar
Connection lost

Rejoining the realm…

Still unreachable

The connection could not be restored.

Session expired

The server has moved on; the page needs a fresh start.